[Event "42nd Olympiad Baku 2016 Women"]
[Site "Baku"]
[Date "2016.09.04"]
[Round "3.12"]
[White "Otikova, Elina"]
[Black "Hakimifard, Ghazal"]
[Result "1/2-1/2"]
[ECO "C88"]
[WhiteElo "2051"]
[BlackElo "2308"]
[Annotator ""]
[PlyCount "127"]
[EventDate "2016.??.??"]
[EventCountry "AZE"]
[SourceTitle "playchess.com"]
[Source "ChessBase"]
[WhiteTeam "Latvia"]
[BlackTeam "Iran"]
[WhiteTeamCountry "LAT"]
[BlackTeamCountry "IRI"]
[TimeControl "40/5400+30:1800+30"]

1. e4 {(00:00)} e5 {(00:00)} 2. Nf3 {(00:00)} Nc6 {
(00:00)} 3. Bb5 {(00:00)} a6 {(00:00)} 4. Ba4 {(00:
05)} Nf6 {(00:08)} 5. O-O {(00:27)} Be7 {(00:19)} 6. Re1 {
(00:27)} b5 {(00:05)} 7. Bb3 {(00:05)} O-O {(00:05]
} 8. h3 {(00:27)} Bb7 {(00:14)} 9. d3 {(00:27)} Re8 {
(00:10)} 10. Ng5 {(04:22)} Rf8 {(01:30)} 11. Nf3 {(
00:26)} h6 {(03:59)} 12. a4 {(04:42)} Re8 {(00:42)} 13.
Nc3 {(06:53)} b4 {(00:19)} 14. Nd5 {(01:52)} Na5 {(
00:40)} 15. Nxe7+ {(04:26)} Qxe7 {(00:14)} 16. Ba2 {(00:
17)} d5 {(00:23)} 17. Bxd5 {(09:10)} Bxd5 {(06:47)} 18.
exd5 {(00:06)} Qd6 {(00:08)} 19. Nd2 {(08:58)} Qxd5 {
(06:15)} 20. Ne4 {(01:54)} Re6 {(03:12)} 21. Qf3 {(
03:41)} Nxe4 {(01:28)} 22. Rxe4 {(05:14)} c5 {(04:25)} 23.
Bd2 {(09:21)} Rd8 {(02:48)} 24. Rae1 {(04:46)} Nc6 {
(02:38)} 25. Qh5 {(03:31)} Rf8 {(10:41)} 26. f4 {(
05:17)} f5 {(02:37)} 27. R4e2 {(01:53)} Kh7 {(02:37)} 28.
fxe5 {(06:06)} Nd4 {(03:04)} 29. Rf2 {(01:38)} Rxe5 {
(01:44)} 30. Rxe5 {(01:40)} Qxe5 {(00:02)} 31. c3 {
(00:55)} bxc3 {(15:03)} 32. bxc3 {(00:06)} Nc6 {(
02:36)} 33. Qf3 {(02:08)} Qd6 {(03:06)} 34. Bf4 {(04:01)}
Qd7 {(01:42)} 35. Rb2 {(02:11)} Rf6 {(05:15)} 36. Re2 {
(03:46)} Ne7 {(02:16)} 37. Be5 {(00:55)} Rb6 {(00:
34)} 38. Qe3 {(02:56)} Ng6 {(02:10)} 39. d4 {(02:15)} Rb1+
{(01:10)} 40. Re1 {(00:00)} cxd4 {(00:00)} 41. cxd4 {
(06:16)} Rxe1+ {(10:02)} 42. Qxe1 {(00:01)} Qxa4 {(
00:21)} 43. Qc3 {(06:56)} Qd7 {(07:02)} 44. Qa5 {(03:24)}
Qc6 {(02:21)} 45. Qe1 {(03:12)} Qc4 {(03:46)} 46. h4 {
(02:40)} Qe6 {(04:13)} 47. h5 {(03:17)} Ne7 {(02:
23)} 48. Qg3 {(02:00)} Qf7 {(00:02)} 49. Qa3 {(00:19)} Qe6
{(05:17)} 50. Qg3 {(00:14)} g6 {(01:52)} 51. hxg6+ {
(00:13)} Nxg6 {(00:08)} 52. Qc3 {(01:06)} Qb6 {(01:
26)} 53. Bc7 {(00:38)} Qb5 {(01:38)} 54. Bd6 {(00:54)} Qd7
{(00:42)} 55. Be5 {(03:46)} Ne7 {(01:37)} 56. Qc5 {
(00:45)} Ng6 {(02:08)} 57. Qb6 {(01:17)} Qe7 {(01:
26)} 58. Bf6 {(02:01)} Qe3+ {(01:04)} 59. Kh1 {(00:31)}
Qc1+ {(01:52)} 60. Kh2 {(00:04)} Qf4+ {(01:06)} 61. Kg1 {
(00:09)} Qc1+ {(01:19)} 62. Kh2 {(00:07)} Qf4+ {(
00:03)} 63. Kg1 {(00:16)} Qc1+ {(00:09)} 64. Kh2 {(00:08)}
1/2-1/2

[Event "42nd Olympiad Baku 2016 Women"]
[Site "Baku"]
[Date "2016.09.04"]
[Round "3.12"]
[White "Ouellet, Maili-Jade"]
[Black "Vega Jimenez, Keyshla M"]
[Result "1-0"]
[ECO "D36"]
[WhiteElo "1992"]
[BlackElo "1641"]
[Annotator ""]
[PlyCount "73"]
[EventDate "2016.??.??"]
[EventCountry "AZE"]
[SourceTitle "playchess.com"]
[Source "ChessBase"]
[WhiteTeam "Canada"]
[BlackTeam "Puerto Rico"]
[WhiteTeamCountry "CAN"]
[BlackTeamCountry "PUR"]
[TimeControl "40/5400+30:1800+30"]

1. d4 {(00:00)} d5 {(00:00)} 2. c4 {(00:00)} e6 {(
00:06)} 3. Nc3 {(00:00)} Nf6 {(00:06)} 4. cxd5 {(00:00)}
exd5 {(00:08)} 5. Qc2 {(00:03)} c6 {(00:32)} 6. Bg5 {
(00:08)} Be7 {(00:05)} 7. e3 {(00:08)} O-O {(00:29]
} 8. Bd3 {(00:18)} h6 {(00:34)} 9. Bh4 {(00:07)} Nbd7 {
(02:27)} 10. Nf3 {(00:15)} Re8 {(01:23)} 11. O-O {(
00:12)} Ne4 {(03:47)} 12. Bxe7 {(00:07)} Qxe7 {(00:08)}
13. Rae1 {(00:38)} Ndf6 {(08:14)} 14. Ne5 {(04:08)} Bd7 {
(09:00)} 15. f3 {(02:42)} Nd6 {(01:46)} 16. e4 {(
11:55)} dxe4 {(10:52)} 17. fxe4 {(00:10)} Be6 {(15:47)}
18. Nf3 {(14:22)} Nb5 {(16:20)} 19. Nxb5 {(04:33)} cxb5 {
(00:04)} 20. Bxb5 {(00:09)} Rec8 {(00:15)} 21. Qb1 {
(01:20)} Bc4 {(04:11)} 22. Bxc4 {(00:09)} Rxc4 {(
00:04)} 23. e5 {(02:48)} Nd5 {(02:54)} 24. Qe4 {(00:51)}
Qe6 {(01:52)} 25. Nd2 {(03:04)} Rc7 {(04:11)} 26. Qf3 {
(01:56)} Rc2 {(04:21)} 27. Ne4 {(00:31)} Rxb2 {(00:
57)} 28. Nc5 {(00:36)} Qc6 {(11:57)} 29. Qxf7+ {(00:07)}
Kh8 {(00:03)} 30. Rf3 {(01:50)} Re8 {(01:33)} 31. Rg3 {
(03:57)} Re7 {(00:38)} 32. Qf8+ {(00:16)} Kh7 {(00:
06)} 33. Qf5+ {(00:07)} Kh8 {(00:45)} 34. Rg6 {(00:30)}
Nf6 {(00:52)} 35. Rf1 {(02:35)} Qd5 {(00:30)} 36. exf6 {
(00:45)} Qxd4+ {(00:23)} 37. Kh1 {(00:20)} 1-0

[Event "42nd Olympiad Baku 2016 Women"]
[Site "Baku"]
[Date "2016.09.04"]
[Round "3.3"]
[White "Ozturk, Kubra"]
[Black "Papp, Petra"]
[Result "1/2-1/2"]
[ECO "D21"]
[WhiteElo "2277"]
[BlackElo "2336"]
[Annotator ""]
[PlyCount "73"]
[EventDate "2016.??.??"]
[EventCountry "AZE"]
[SourceTitle "playchess.com"]
[Source "ChessBase"]
[WhiteTeam "Turkey"]
[BlackTeam "Hungary"]
[WhiteTeamCountry "TUR"]
[BlackTeamCountry "HUN"]
[TimeControl "40/5400+30:1800+30"]

1. d4 {(00:00)} d5 {(00:38)} 2. c4 {(00:01)} dxc4 {
(00:43)} 3. Nf3 {(01:26)} a6 {(01:50)} 4. e3 {(01:
31)} Bg4 {(00:57)} 5. Bxc4 {(00:35)} e6 {(00:52)} 6. O-O {
(02:37)} Nf6 {(01:01)} 7. Nc3 {(01:52)} Nc6 {(01:
15)} 8. h3 {(01:13)} Bh5 {(00:32)} 9. Be2 {(01:41)} Bd6 {
(01:01)} 10. b3 {(09:54)} O-O {(00:43)} 11. Bb2 {(
00:23)} Qe7 {(01:54)} 12. Ne5 {(11:38)} Bxe2 {(05:16)} 13.
Nxe2 {(09:43)} Bxe5 {(07:49)} 14. dxe5 {(00:06)} Nd7 {
(04:50)} 15. f4 {(02:15)} Rfd8 {(01:19)} 16. Qc1 {(
03:26)} Nb6 {(14:48)} 17. Ba3 {(11:36)} Qd7 {(01:05)} 18.
Rd1 {(09:42)} Qe8 {(10:01)} 19. Qc5 {(02:49)} Rxd1+ {
(03:16)} 20. Rxd1 {(00:02)} Rd8 {(00:25)} 21. Rxd8 {
(00:16)} Qxd8 {(00:07)} 22. Kh2 {(05:22)} Nd7 {(01:
22)} 23. Qc3 {(01:41)} Nb6 {(01:13)} 24. Ng3 {(02:29)} Qd5
{(03:39)} 25. e4 {(03:48)} Qd4 {(04:52)} 26. Qf3 {(
01:07)} Nd7 {(09:32)} 27. Qg4 {(02:09)} b5 {(01:26)} 28.
Qe2 {(04:08)} Nb4 {(02:53)} 29. Nh5 {(05:48)} g6 {(
04:16)} 30. Bxb4 {(00:43)} Qxb4 {(01:56)} 31. Qd3 {(02:37]
} gxh5 {(01:57)} 32. Qxd7 {(00:02)} Qxe4 {(01:58)} 33.
Qd8+ {(00:06)} Kg7 {(00:05)} 34. Qf6+ {(00:12)} Kg8 {
(00:58)} 35. Qd8+ {(00:03)} Kg7 {(00:05)} 36. Qf6+ {
(00:03)} Kg8 {(00:06)} 37. Qd8+ {(00:04)} 1/2-1/2

[Event "42nd Olympiad Baku 2016 Women"]
[Site "Baku"]
[Date "2016.09.04"]
[Round "3.18"]
[White "Padmini, Rout"]
[Black "Fronda, Jan Jodilyn"]
[Result "1-0"]
[ECO "B33"]
[WhiteElo "2408"]
[BlackElo "2128"]
[Annotator ""]
[PlyCount "83"]
[EventDate "2016.??.??"]
[EventCountry "AZE"]
[SourceTitle "playchess.com"]
[Source "ChessBase"]
[WhiteTeam "India"]
[BlackTeam "Philippines"]
[WhiteTeamCountry "IND"]
[BlackTeamCountry "PHI"]
[TimeControl "40/5400+30:1800+30"]

1. e4 {(00:00)} c5 {(00:21)} 2. Nf3 {(00:00)} Nc6 {
(00:08)} 3. d4 {(01:59)} cxd4 {(02:24)} 4. Nxd4 {(
00:09)} Nf6 {(04:17)} 5. Nc3 {(00:42)} e5 {(02:21)} 6.
Ndb5 {(00:14)} d6 {(00:30)} 7. Bg5 {(00:28)} a6 {(
02:53)} 8. Na3 {(00:11)} b5 {(03:02)} 9. Nd5 {(00:54)} Be7
{(03:17)} 10. Bxf6 {(01:02)} Bxf6 {(00:06)} 11. c3 {
(01:19)} Bg5 {(01:49)} 12. Nc2 {(00:56)} Rb8 {(01:
18)} 13. g3 {(07:59)} O-O {(03:28)} 14. Bg2 {(00:16)} a5 {
(00:36)} 15. a3 {(05:40)} Be6 {(04:46)} 16. O-O {(
02:45)} Ne7 {(03:12)} 17. Nde3 {(04:56)} Bb3 {(04:58)} 18.
Qe2 {(02:15)} Qb6 {(08:42)} 19. h4 {(07:56)} Bh6 {(
02:15)} 20. Ng4 {(05:51)} Bc4 {(13:29)} 21. Nxh6+ {(01:26]
} Kh8 {(00:05)} 22. Qf3 {(01:26)} Bxf1 {(00:23)} 23. Rxf1
{(01:12)} d5 {(09:56)} 24. Nf5 {(01:46)} dxe4 {(01:
32)} 25. Qxe4 {(00:28)} Nxf5 {(00:07)} 26. Qxf5 {(00:10)}
Qd6 {(00:22)} 27. Ne3 {(02:30)} g6 {(00:31)} 28. Qc2 {
(02:30)} f5 {(03:48)} 29. Rd1 {(00:25)} Qc7 {(01:
30)} 30. Qe2 {(02:18)} e4 {(05:55)} 31. Nd5 {(11:00)} Qf7
{(05:36)} 32. Bf1 {(00:58)} Rfd8 {(00:56)} 33. Nf4 {
(03:44)} Rd7 {(03:35)} 34. Rd2 {(01:40)} Kg7 {(02:
36)} 35. Qe3 {(01:33)} Rbb7 {(02:44)} 36. Rxd7 {(01:27)}
Qxd7 {(00:06)} 37. Qc5 {(00:25)} Qe8 {(04:23)} 38. Qd4+ {
(04:41)} Kh6 {(00:30)} 39. Qf6 {(00:52)} Rf7 {(00:
22)} 40. Qg5+ {(00:00)} Kg7 {(00:00)} 41. Bxb5 {(06:04)}
Qe5 {(03:16)} 42. Nh5+ {(01:14)} 1-0

[Event "42nd Olympiad Baku 2016 Women"]
[Site "Baku"]
[Date "2016.09.04"]
[Round "3.31"]
[White "Parkhurst Casas, Miriam"]
[Black "Hotami, Mutriba"]
[Result "0-1"]
[ECO "B01"]
[WhiteElo "1993"]
[BlackElo "1735"]
[Annotator ""]
[PlyCount "122"]
[EventDate "2016.??.??"]
[EventCountry "AZE"]
[SourceTitle "playchess.com"]
[Source "ChessBase"]
[WhiteTeam "Mexico"]
[BlackTeam "Tajikistan"]
[WhiteTeamCountry "MEX"]
[BlackTeamCountry "TJK"]
[TimeControl "40/5400+30:1800+30"]

1. e4 {(00:00)} d5 {(00:00)} 2. exd5 {(00:00)} Qxd5 {
(00:00)} 3. Nc3 {(00:00)} Qa5 {(00:08)} 4. Bc4 {(
00:34)} Nf6 {(00:40)} 5. d3 {(00:09)} c6 {(00:41)} 6. Qe2
{(00:25)} Bg4 {(02:01)} 7. f3 {(00:08)} Bd7 {(00:
05)} 8. Bd2 {(05:00)} Qc7 {(01:21)} 9. g4 {(04:37)} b5 {
(10:59)} 10. Bb3 {(01:16)} Na6 {(02:54)} 11. Ne4 {(
25:04)} Nxe4 {(05:17)} 12. fxe4 {(00:32)} Qe5 {(03:01)}
13. O-O-O {(06:26)} Nc5 {(10:36)} 14. Kb1 {(01:06)} Nxb3 {
(00:32)} 15. cxb3 {(00:15)} h5 {(11:04)} 16. gxh5 {
(03:26)} Qxh5 {(00:57)} 17. Qf1 {(01:32)} e5 {(03:
45)} 18. Rc1 {(09:10)} Be7 {(07:18)} 19. Qg2 {(03:45)} g6
{(05:30)} 20. Nf3 {(07:09)} b4 {(01:51)} 21. d4 {(
04:21)} exd4 {(02:36)} 22. Nxd4 {(01:23)} c5 {(00:17)} 23.
Ne2 {(07:30)} Bh3 {(05:29)} 24. Qf2 {(02:18)} Qe5 {
(00:39)} 25. Ng3 {(01:27)} a5 {(03:43)} 26. Bf4 {(
02:13)} Qe6 {(02:30)} 27. Be3 {(02:50)} a4 {(02:12)} 28.
Qc2 {(02:59)} axb3 {(00:52)} 29. Qxb3 {(00:37)} Qa6 {
(01:49)} 30. Qc4 {(05:48)} Qa5 {(02:09)} 31. Rhd1 {
(01:52)} Be6 {(00:46)} 32. Rd5 {(00:03)} Rxh2 {(04:
41)} 33. Rf1 {(01:53)} Rd8 {(05:48)} 34. Ne2 {(00:34)}
Bxd5 {(01:34)} 35. exd5 {(00:03)} Rh4 {(00:14)} 36. Qc2 {
(01:01)} Rxd5 {(01:47)} 37. Nf4 {(00:11)} Rf5 {(00:
42)} 38. Qe4 {(00:49)} Qa6 {(01:14)} 39. Re1 {(00:21)} Qd6
{(01:06)} 40. Qa8+ {(00:00)} Qd8 {(00:00)} 41. Qc6+ {
(12:38)} Kf8 {(03:28)} 42. Nxg6+ {(09:16)} fxg6 {(
03:49)} 43. Qxg6 {(00:12)} Qd3+ {(08:18)} 44. Ka1 {(01:32]
} Rf1 {(01:12)} 45. Bh6+ {(00:40)} Rxh6 {(00:15)} 46.
Qxh6+ {(00:06)} Ke8 {(02:02)} 47. Qc6+ {(00:11)} Kd8 {
(04:07)} 48. Qb6+ {(07:05)} Kc8 {(00:29)} 49. Qc6+ {
(01:38)} Kb8 {(01:58)} 50. Qb6+ {(00:24)} Ka8 {(01:
42)} 51. Qc6+ {(00:21)} Kb8 {(04:07)} 52. Qb6+ {(00:43)}
Kc8 {(00:17)} 53. Qc6+ {(00:49)} Kd8 {(00:29)} 54. Qa8+ {
(01:16)} Kc7 {(03:48)} 55. Qa7+ {(00:14)} Kc6 {(00:
43)} 56. Qa8+ {(00:41)} Kd6 {(00:58)} 57. Qb8+ {(00:24)}
Kc6 {(01:07)} 58. Qc8+ {(00:45)} Kb6 {(00:23)} 59. Qb8+ {
(00:21)} Kc6 {(00:26)} 60. Qe8+ {(00:52)} Kd5 {(00:
51)} 61. Qxe7 {(00:57)} Qd1+ {(00:29)} 0-1

[Event "42nd Olympiad Baku 2016 Women"]
[Site "Baku"]
[Date "2016.09.04"]
[Round "3.7"]
[White "Pasipanodya, Valentine"]
[Black "Fisher, Michelle M"]
[Result "1-0"]
[ECO "B24"]
[WhiteElo "1594"]
[BlackElo "1701"]
[Annotator ""]
[PlyCount "99"]
[EventDate "2016.??.??"]
[EventCountry "AZE"]
[SourceTitle "playchess.com"]
[Source "ChessBase"]
[WhiteTeam "Zimbabwe"]
[BlackTeam "South Africa"]
[WhiteTeamCountry "ZIM"]
[BlackTeamCountry "RSA"]
[TimeControl "40/5400+30:1800+30"]

1. e4 {(00:00)} c5 {(00:00)} 2. Nc3 {(00:00)} Nc6 {
(00:00)} 3. Bb5 {(00:00)} Nf6 {(00:25)} 4. f4 {(00:
40)} a6 {(01:50)} 5. Bxc6 {(01:21)} dxc6 {(00:45)} 6. d3 {
(00:22)} e6 {(06:38)} 7. Nf3 {(00:13)} Be7 {(00:13]
} 8. Be3 {(00:30)} Ng4 {(02:28)} 9. Qe2 {(02:05)} Nxe3 {
(01:34)} 10. Qxe3 {(00:11)} Qb6 {(05:25)} 11. O-O-O {
(04:55)} Qc7 {(01:32)} 12. Rhf1 {(02:23)} b5 {(01:
01)} 13. Ne5 {(01:39)} f6 {(07:21)} 14. Nf3 {(01:30)} Qa5
{(02:02)} 15. Nd2 {(01:56)} Qc7 {(04:40)} 16. Qg3 {
(01:29)} g6 {(01:27)} 17. Rde1 {(09:45)} a5 {(01:
53)} 18. e5 {(00:57)} f5 {(00:32)} 19. Qe3 {(07:21)} Ba6 {
(05:40)} 20. Ne2 {(12:13)} O-O-O {(02:56)} 21. c4 {
(07:09)} Rd7 {(06:13)} 22. Nb3 {(10:59)} bxc4 {(02:
11)} 23. dxc4 {(02:31)} Bxc4 {(00:15)} 24. Rd1 {(00:53)}
Rhd8 {(01:13)} 25. Rxd7 {(02:12)} Rxd7 {(00:06)} 26. Rd1 {
(00:12)} Rxd1+ {(03:30)} 27. Kxd1 {(00:09)} a4 {(
00:03)} 28. Nbc1 {(00:35)} Qd7+ {(05:02)} 29. Qd2 {(02:28]
} Bd5 {(03:38)} 30. g3 {(00:57)} Qa7 {(00:29)} 31. a3 {
(04:24)} c4 {(01:48)} 32. Na2 {(06:12)} Be4 {(14:
05)} 33. Nac3 {(03:31)} Bd3 {(01:11)} 34. Qe1 {(01:47)}
Qb6 {(02:35)} 35. Qd2 {(03:01)} Bc5 {(03:26)} 36. Nc1 {
(02:09)} Be3 {(02:54)} 37. Qg2 {(01:39)} Bxc1 {(00:
34)} 38. Kxc1 {(00:28)} Qa6 {(01:42)} 39. Qg1 {(03:48)}
Qb7 {(05:36)} 40. Qc5 {(00:00)} Qd7 {(00:00)} 41. Nxa4 {
(02:29)} Kd8 {(05:09)} 42. Nb6 {(03:40)} Qe7 {(03:
07)} 43. Qxc6 {(00:46)} Qc7 {(00:59)} 44. Qxe6 {(01:04)}
Qb7 {(02:20)} 45. Qd5+ {(03:42)} Qxd5 {(00:40)} 46. Nxd5 {
(00:03)} h6 {(01:24)} 47. Kd2 {(01:17)} Kd7 {(01:
40)} 48. b4 {(00:27)} Ke6 {(03:35)} 49. Nc3 {(02:14)} Be4
{(10:13)} 50. b5 1-0

[Event "42nd Olympiad Baku 2016 Women"]
[Site "Baku"]
[Date "2016.09.04"]
[Round "3.9"]
[White "Peptan, Corina-Isabela"]
[Black "Peng, Zhaoqin"]
[Result "1-0"]
[ECO "D32"]
[WhiteElo "2394"]
[BlackElo "2368"]
[Annotator ""]
[PlyCount "83"]
[EventDate "2016.??.??"]
[EventCountry "AZE"]
[SourceTitle "playchess.com"]
[Source "ChessBase"]
[WhiteTeam "Romania"]
[BlackTeam "Netherlands"]
[WhiteTeamCountry "ROU"]
[BlackTeamCountry "NED"]
[TimeControl "40/5400+30:1800+30"]

1. d4 {(00:00)} d5 {(00:00)} 2. c4 {(00:00)} e6 {(
00:00)} 3. Nf3 {(00:02)} c5 {(00:14)} 4. cxd5 {(01:43)}
exd5 {(00:06)} 5. Nc3 {(00:03)} Nc6 {(00:10)} 6. e3 {
(04:18)} Nf6 {(00:07)} 7. Be2 {(03:20)} cxd4 {(02:
02)} 8. Nxd4 {(00:05)} Bc5 {(00:06)} 9. Nxc6 {(05:56)}
bxc6 {(00:05)} 10. O-O {(00:04)} O-O {(00:14)} 11. b3 {
(00:02)} Re8 {(04:18)} 12. Bb2 {(01:19)} Bd6 {(00:
07)} 13. Rc1 {(01:24)} h5 {(02:49)} 14. Bf3 {(05:54)} h4 {
(31:25)} 15. Ne2 {(01:52)} Bd7 {(00:31)} 16. Nf4 {(
12:07)} Rc8 {(05:39)} 17. Re1 {(15:29)} Bf5 {(02:51)} 18.
Nd3 {(14:53)} Ne4 {(09:59)} 19. Bg4 {(02:22)} Qg5 {
(01:02)} 20. h3 {(04:57)} c5 {(09:55)} 21. Ba3 {(
11:20)} Bxg4 {(11:29)} 22. hxg4 {(00:01)} h3 {(02:21)} 23.
gxh3 {(10:03)} Re6 {(08:47)} 24. Kg2 {(01:16)} Rce8 {
(01:17)} 25. Bxc5 {(01:44)} Bxc5 {(02:54)} 26. Nxc5 {
(00:01)} Rf6 {(02:56)} 27. Nxe4 {(00:19)} dxe4 {(
00:24)} 28. Qd7 {(00:31)} Ree6 {(00:28)} 29. Qc8+ {(01:05]
} Kh7 {(00:03)} 30. Rc5 {(00:19)} Re5 {(01:01)} 31. Rxe5 {
(01:14)} Qxe5 {(00:01)} 32. Re2 {(00:12)} Re6 {(01:
16)} 33. Qc2 {(00:57)} g6 {(00:46)} 34. Qb2 {(00:24)} Qg5
{(00:43)} 35. Rd2 {(00:22)} Qh4 {(00:44)} 36. Qd4 {
(00:23)} a6 {(00:33)} 37. b4 {(00:29)} Qg5 {(00:20]
} 38. Rc2 {(01:11)} Qh4 {(00:19)} 39. a4 {(00:34)} Qg5 {
(00:43)} 40. Rc8 {(00:00)} Qf6 {(00:00)} 41. Qxf6 {
(01:12)} Rxf6 {(00:30)} 42. Re8 {(00:08)} 1-0

[Event "42nd Olympiad Baku 2016 Women"]
[Site "Baku"]
[Date "2016.09.04"]
[Round "3.4"]
[White "Psaila, Uranchimeg"]
[Black "Kaslan, Alexandra"]
[Result "1/2-1/2"]
[ECO "A48"]
[WhiteElo "1483"]
[BlackElo "1474"]
[Annotator ""]
[PlyCount "105"]
[EventDate "2016.??.??"]
[EventCountry "AZE"]
[SourceTitle "playchess.com"]
[Source "ChessBase"]
[WhiteTeam "Malta"]
[BlackTeam "Surinam"]
[WhiteTeamCountry "MLT"]
[BlackTeamCountry "SUR"]
[TimeControl "40/5400+30:1800+30"]

1. d4 {(00:00)} Nf6 {(00:00)} 2. Nf3 {(00:20)} g6 {
(00:06)} 3. Nbd2 {(00:34)} d6 {(00:33)} 4. e4 {(01:
19)} Bg7 {(01:35)} 5. c3 {(01:20)} O-O {(00:37)} 6. Bd3 {
(01:53)} Re8 {(00:27)} 7. O-O {(01:24)} b6 {(03:43]
} 8. Re1 {(01:11)} Nbd7 {(05:26)} 9. Nf1 {(02:56)} Bb7 {
(02:08)} 10. Ng3 {(01:23)} c5 {(03:19)} 11. h3 {(
02:39)} Qc7 {(00:50)} 12. Be3 {(01:51)} Rac8 {(04:40)} 13.
Rc1 {(05:00)} e6 {(05:17)} 14. Qd2 {(03:46)} Qb8 {(
07:01)} 15. Bh6 {(03:44)} e5 {(06:12)} 16. Bxg7 {(08:30)}
Kxg7 {(01:33)} 17. d5 {(08:57)} c4 {(02:03)} 18. Bc2 {
(01:06)} h6 {(01:33)} 19. Ba4 {(05:54)} Qc7 {(02:
11)} 20. Qe2 {(03:08)} a6 {(02:19)} 21. Bxd7 {(01:39)}
Qxd7 {(01:31)} 22. Nh2 {(04:27)} b5 {(03:24)} 23. f3 {
(04:35)} Rcd8 {(04:21)} 24. Ng4 {(06:17)} Qe7 {(01:
11)} 25. Qd2 {(02:06)} Rh8 {(03:40)} 26. Rf1 {(05:46)} Bc8
{(02:15)} 27. Ne3 {(04:00)} Rh7 {(10:49)} 28. Kf2 {
(04:16)} Qa7 {(05:41)} 29. Ke2 {(01:21)} Re8 {(04:
03)} 30. Ng4 {(03:17)} Bxg4 {(01:12)} 31. fxg4 {(00:21)}
Qe7 {(04:49)} 32. Rf2 {(01:37)} Nd7 {(00:57)} 33. Rcf1 {
(01:04)} Kg8 {(00:26)} 34. Qe3 {(02:06)} Nc5 {(00:
56)} 35. Kd2 {(01:32)} Qg5 {(00:47)} 36. Rf6 {(02:22)}
Qxe3+ {(00:39)} 37. Kxe3 {(00:15)} Rd8 {(00:27)} 38. h4 {
(01:44)} Nd3 {(00:50)} 39. b3 {(01:28)} Nf4 {(00:
21)} 40. h5 {(00:00)} Kg7 {(00:00)} 41. hxg6 {(04:52)}
fxg6 {(03:13)} 42. R6xf4 {(03:08)} exf4+ {(00:26)} 43.
Rxf4 {(00:22)} cxb3 {(00:48)} 44. axb3 {(00:12)} Rhh8 {
(00:16)} 45. Ne2 {(01:30)} Rhf8 {(01:54)} 46. g3 {(
02:59)} Rde8 {(02:20)} 47. Rxf8 {(01:51)} Rxf8 {(02:49)}
48. Nf4 {(00:35)} Rc8 {(01:25)} 49. Kd3 {(01:27)} Kf6 {
(00:24)} 50. b4 {(02:23)} g5 {(01:47)} 51. Ne6 {(
02:17)} Ke5 {(03:24)} 52. Nd4 {(00:47)} Kf6 {(08:44)} 53.
Nc6 {Ke5} 1/2-1/2

[Event "42nd Olympiad Baku 2016 Women"]
[Site "Baku"]
[Date "2016.09.04"]
[Round "3.25"]
[White "Ptacnikova, Lenka"]
[Black "Houska, Jovanka"]
[Result "1-0"]
[ECO "B12"]
[WhiteElo "2159"]
[BlackElo "2386"]
[Annotator ""]
[PlyCount "111"]
[EventDate "2016.??.??"]
[EventCountry "AZE"]
[SourceTitle "playchess.com"]
[Source "ChessBase"]
[WhiteTeam "Iceland"]
[BlackTeam "England"]
[WhiteTeamCountry "ISL"]
[BlackTeamCountry "ENG"]
[TimeControl "40/5400+30:1800+30"]

1. e4 {(00:00)} c6 {(00:00)} 2. d4 {(00:00)} d5 {(
00:01)} 3. e5 {(00:00)} Bf5 {(00:56)} 4. h4 {(00:14)} Qc7
{(00:19)} 5. Nc3 {(10:40)} h5 {(00:05)} 6. Bd3 {(
20:22)} Bxd3 {(01:29)} 7. Qxd3 {(00:04)} e6 {(00:27)} 8.
Nf3 {(07:45)} Ne7 {(05:16)} 9. Bg5 {(17:34)} Nd7 {(
04:49)} 10. O-O {(03:00)} Nf5 {(24:39)} 11. Ne2 {(08:36)}
c5 {(09:19)} 12. c4 {(00:45)} dxc4 {(00:27)} 13. Qxc4 {
(00:27)} Nb6 {(13:15)} 14. Qc2 {(04:28)} Rc8 {(02:
07)} 15. Rac1 {(00:39)} c4 {(06:42)} 16. Nc3 {(00:17)} Be7
{(01:02)} 17. d5 {(03:45)} Bxg5 {(00:21)} 18. Nxg5 {
(03:31)} Qe7 {(11:46)} 19. dxe6 {(02:11)} fxe6 {(
00:04)} 20. g3 {(00:49)} O-O {(02:52)} 21. Nce4 {(00:20)}
Nd7 {(02:28)} 22. Nd6 {(02:37)} Rc5 {(03:19)} 23. f4 {
(02:05)} b5 {(01:29)} 24. Rcd1 {(00:35)} Nb6 {(01:
44)} 25. Nxf5 {(04:56)} exf5 {(01:25)} 26. Qe2 {(00:23)}
Qe8 {(02:09)} 27. Rd6 {(00:17)} Rc6 {(01:42)} 28. Rxc6 {
(02:30)} Qxc6 {(00:04)} 29. Qxh5 {(00:34)} Qh6 {(
00:02)} 30. Qxh6 {(01:22)} gxh6 {(00:04)} 31. Ne6 {(00:06]
} Re8 {(00:06)} 32. Nc7 {(00:25)} Rd8 {(00:07)} 33. Nxb5 {
(00:29)} Rd3 {(02:42)} 34. Nd6 {(00:37)} Rxg3+ {(
00:22)} 35. Kh2 {(00:30)} Rd3 {(01:15)} 36. Rf2 {(00:31)}
Nd5 {(01:54)} 37. Nxf5 {(00:23)} c3 {(00:21)} 38. bxc3 {
(00:19)} Rxc3 {(00:15)} 39. Nxh6+ {(00:23)} Kg7 {(
00:07)} 40. Nf5+ {(00:00)} Kg6 {(00:00)} 41. Ng3 {(02:29)}
Ne3 {(00:25)} 42. f5+ {(01:48)} Kh6 {(00:06)} 43. Re2 {
(03:25)} Ng4+ {(00:55)} 44. Kg2 {(03:55)} Ne3+ {(
00:13)} 45. Kg1 {(04:02)} Ng4 {(05:46)} 46. Nf1 {(01:03)}
Rc5 {(00:33)} 47. e6 {(00:24)} Rxf5 {(01:24)} 48. e7 {
(00:46)} Nf6 {(00:18)} 49. Re6 {(05:09)} Kg7 {(00:
07)} 50. Rxf6 {(03:16)} Re5 {(00:04)} 51. Ra6 {(00:23)}
Rxe7 {(00:04)} 52. Ng3 {(00:39)} Kh7 {(00:59)} 53. Kg2 {
(00:09)} Rf7 {(00:17)} 54. Kh3 {(00:23)} Rg7 {(00:
04)} 55. Ne4 {(00:11)} Rb7 {(02:17)} 56. Kg4 {(01:27)} 1-0